 Dungeon Crawl Stone Soup version 0.32-a0-30-gefbe487952 (webtiles) character file.

Game seed: 4139398986382518033

1000 PriceMaster the Chiller (level 8, -2/48 HPs)
             Began as an Octopode Ice Elementalist on Jan 19, 2024.
             Was an Initiate of Qazlal.
             Slain by an ufetubus (4 damage)
             ... on level 6 of the Dungeon on Jan 20, 2024.
             The game lasted 00:10:48 (4651 turns).

PriceMaster the Chiller (Octopode Ice Elementalist) Turns: 4651, Time: 00:10:49

Health: -2/48      AC:  1    Str:  7 (9)  XL:     8   Next: 19%
Magic:  12/15      EV: 18    Int: 14 (17) God:    Qazlal [......]
Gold:   340        SH:  0    Dex: 10 (13) Spells: 10/17 levels left

rFire   + . .        r - +6 quarterstaff
rCold   + + .        (shield currently unavailable)
rNeg    . . .        (helmet restricted)
rPois   +            (no amulet)
rElec   +            b - +5 ring of evasion
rCorr   +            w - ring of protection from cold
SInv    .            (no ring)
Will    +....        (no ring)
Stlth   +++          (no ring)
HPRegen 0.28/turn    (no ring)
MPRegen 0.14/turn    (no ring)
                     (no ring)

%: no passive effects
@: resistant, freezing walls, enlightened, flying
A: almost no armour, amphibious, 8 rings, camouflage 1, gelatinous body 1,
(nimble swimmer 1), tentacles
a: Renounce Religion


You were on level 6 of the Dungeon.
You worshipped Qazlal.
Qazlal was noncommittal.
You visited 1 branch of the dungeon, and saw 6 of its levels.

You collected 340 gold pieces.

Inventory:

Hand Weapons
 e - a +0 hand axe
 h - a +0 long sword
 k - a +0 rapier
 l - a +2 heavy hand axe
 r - a +6 quarterstaff (weapon)
Jewellery
 b - a +5 ring of evasion (left tentacle)
 w - a ring of protection from cold (right tentacle)
Wands
 o - a wand of paralysis (18)
Scrolls
 a - a scroll of immolation {unknown}
 c - a scroll of vulnerability {unknown}
 d - 3 scrolls of teleportation {unknown}
 g - 2 scrolls of enchant weapon {unknown}
 m - a scroll of revelation {unknown}
 n - 6 scrolls of identify {unknown}
 t - a scroll of fog {unknown}
 y - a scroll of torment {unknown}
Potions
 j - a potion of berserk rage {unknown}
 p - a potion of mutation {unknown}
 q - a potion of attraction {unknown}
 s - a potion of degeneration
 u - a potion of cancellation {unknown}
 v - a potion of resistance
 x - 2 potions of haste {unknown}


   Skills:
 + Level 1.5 Fighting
 + Level 0.1(0.3) Short Blades
 + Level 0.5(0.6) Long Blades
 + Level 1.9 Axes
 + Level 3.3 Staves
 + Level 3.3 Dodging
 + Level 4.7 Stealth
 + Level 0.1 Unarmed Combat
 + Level 5.0 Spellcasting
 + Level 6.0 Ice Magic


You had 10 spell levels left.
You knew the following spells:

 Your Spells              Type           Power      Damage    Failure   Level
a - Freeze                Ice            80%        1d9       1%          1
b - Frozen Ramparts       Ice            40%        1d7       4%          3
c - Ozocubu's Armour      Ice            20%        N/A       4%          3

Your spell library contained the following spells:

 Spells                   Type           Power      Damage    Failure   Level
 Summon Ice Beast         Ice/Summ       11%        N/A       16%         3
 Blink                    Tloc           6%         N/A       26%         2
 Lesser Beckoning         Tloc           6%         N/A       26%         2
 Momentum Strike          Conj/Tloc      6%         3d8       26%         2
 Tukima's Dance           Hex            3%         N/A       45%         3
 Dimensional Bullseye     Hex/Tloc       1%         N/A       86%         4
 Iskenderun's Mystic Bla  Conj/Tloc      3%         2d3       86%         4


Dungeon Overview and Level Annotations

Branches:
Dungeon (6/15)             Temple (0/1) D:6

Altars:
Ashenzari
Dithmenos
Elyvilon
Fedhas
Qazlal
Xom


Innate Abilities, Weirdness & Mutations

You cannot wear most types of armour.
You are amphibious.
You can wear up to eight rings at the same time.
Your skin changes colour to match your surroundings (Stealth+).
Your rubbery body absorbs attacks. (AC +1, EV +1)
((You are camouflaged when in or above water. (Stealth+)))
You have tentacles for arms and can constrict up to eight enemies at once.


Message History

The ufetubus hits you. The orc wizard closely misses you.
The orc barely misses you. The ufetubus hits you.
The ufetubus hits you but does no damage.
The ufetubus closely misses you. The ufetubus completely misses you.
You closely miss the orc wizard.
The orc wizard is severely wounded.
You feel less confused.
The ufetubus hits you. x2; The ufetubus completely misses you.
The ufetubus closely misses you.
The orc wizard gestures at you while chanting.
The magic dart hits you. The orc hits you with a +0 hand axe!
* * * LOW HITPOINT WARNING * * *
The ufetubus misses you. The ufetubus closely misses you.
It was a potion of degeneration.
There was something very wrong with that liquid.
You feel weakened.
You feel dopey.
You feel clumsy. The ufetubus completely misses you. The ufetubus misses you.
The orc wizard hits you but does no damage.
The ufetubus misses you. The ufetubus closely misses you. The orc misses you.
The ufetubus closely misses you. x2
It was a potion of resistance.
You feel protected. The ufetubus hits you.
* * * LOW HITPOINT WARNING * * *
The ufetubus barely misses you. x3; The orc wizard misses you.
The orc hits you with a +0 hand axe.
* * * LOW HITPOINT WARNING * * *
The ufetubus barely misses you. The ufetubus hits you.
* * * LOW HITPOINT WARNING * * *
Casting: Frozen Ramparts (dangerous; 4% risk of failure)
Confirm with . or Enter, or press ? or * to list all spells.
Casting: Frozen Ramparts (dangerous; 4% risk of failure)
Press: ? - help, Dir - look around, f - activate The walls around you are covered in ice.
The ufetubus resists.
The wall freezes the ufetubus.
The ufetubus hits you.
* * * LOW HITPOINT WARNING * * *
The ufetubus barely misses you.
The ufetubus completely resists.
The wall freezes the ufetubus but does no damage.
The ufetubus hits you.
You die...

#######.# ....
#.####.#.#......
#..##..........
##....#...#...##
#...#.......#...##
#.#.....>.....#.?#
.
#...#.......#....#
..
#††...#..5#5......
.. ##.###.....@o#
.. #.......#.#o##
.. #...........#
.. #........#....
.#
#...............
.#
##..............
.# #............#+
## #............#
###.........


You could see an orc wizard, 2 ufetubi and an orc.

Vanquished Creatures
  An ogre (D:5)
  A phantom (D:4)
  4 scorpions
  A howler monkey (D:5)
  2 jellies (D:5)
  2 bombardier beetles (D:3)
  2 orc priests
  2 hounds
  4 iguanas
  Terence (D:3)
  7 adders
  4 gnolls (D:4)
  A white imp (D:6)
  2 ufetubi (D:5)
  A dart slug (D:1)
  A ribbon worm (D:4)
  5 orcs
  4 endoplasms
  3 giant cockroaches
  3 goblins
  6 hobgoblins
  11 jackals
  4 quokkas
  8 ball pythons
  6 bats
  A frilled lizard (D:3)
  3 kobolds
  6 rats
96 creatures vanquished.

Notes
Turn   | Place    | Note
-------+----------+-------------------------------------------
     0 | D:1      | PriceMaster the Octopode Ice Elementalist began the quest
                  | for the Orb.
     0 | D:1      | Reached XP level 1. HP: 11/11 MP: 3/3
   270 | D:1      | Reached XP level 2. HP: 17/17 MP: 3/5
   637 | D:1      | Reached XP level 3. HP: 21/21 MP: 6/6
   942 | D:2      | Found a shimmering altar of Xom.
  1158 | D:2      | Reached skill level 1 in Axes
  1218 | D:2      | Reached XP level 4. HP: 27/27 MP: 7/7
  1491 | D:2      | Learned a level 3 spell: Frozen Ramparts
  1687 | D:3      | Reached XP level 5. HP: 7/32 MP: 4/9
  1821 | D:3      | Noticed Terence
  1833 | D:3      | Killed Terence
  1960 | D:3      | Found a faded altar of an unknown god.
  2201 | D:4      | Noticed a phantom
  2225 | D:4      | Killed a phantom
  2226 | D:4      | Reached skill level 1 in Staves
  2226 | D:4      | Reached skill level 5 in Ice Magic
  2226 | D:4      | Reached XP level 6. HP: 18/37 MP: 0/10
  2228 | D:4      | Reached skill level 1 in Fighting
  2536 | D:4      | Found a broken altar of Ashenzari.
  2654 | D:4      | Reached XP level 7. HP: 42/43 MP: 4/12
  2731 | D:4      | Found a blossoming altar of Fedhas.
  2978 | D:4      | Learned a level 3 spell: Ozocubu's Armour
  3181 | D:5      | Entered Level 5 of the Dungeon
  3181 | D:5      | Found a white marble altar of Elyvilon.
  3181 | D:5      | Found a shadowy altar of Dithmenos.
  3181 | D:5      | Found a stormy altar of Qazlal.
  3193 | D:5      | Found a shimmering altar of Xom.
  3247 | D:5      | Became a worshipper of Qazlal Stormbringer
  4013 | D:5      | Reached XP level 8. HP: 42/48 MP: 10/15
  4502 | D:6      | Reached skill level 6 in Ice Magic
  4580 | D:6      | Found a staircase to the Ecumenical Temple.
  4597 | D:6      | Reached skill level 5 in Spellcasting
  4651 | D:6      | HP: 2/48 [ufetubus (2)]
  4651 | D:6      | Slain by an ufetubus

Illustrated notes

Levels and vault maps discovered:
D:1:      dpeg_arrival_concentric_ovals, layout_loops_ring,
          minmay_misc_feat_encased
D:2:      layout_rooms, basic_altar
D:3:      layout_rooms, basic_ecumenical_altar, uniq_terence
D:4:      layout_basic, lemuel_doored_altar, nicolae_ashenzari_panopticon
D:5:      layout_basic, grunt_temple_overflow_open
D:6:      layout_basic, minmay_temple_entry_sparse_star,
          kennysheep_decorative_pillar

Skill      XL: |  1  2  3  4  5  6  7  8 |
---------------+-------------------------+-----
Stealth        | 3 4 |  4.7
Axes           | 1 |  1.9
Spellcasting   | 3 4 5 |  5.0
Staves         | 1 2 3 |  3.3
Ice Magic      | 5 6 |  6.0
Fighting       | 1 |  1.5
Dodging        | 3 |  3.3
Short Blades   | |  0.1
Long Blades    | |  0.5
Unarmed Combat | |  0.1

Action                     |  1- 3 |  4- 6 |  7- 9 || total
---------------------------+-------+-------+-------++-------
  Melee: Unarmed           |    15 |       |       ||    15
         Constrict         |    16 |    17 |    13 ||    46
         Tentacles         |     9 |     6 |    11 ||    26
         Hand axe          |    21 |    26 |       ||    47
         Punch             |     1 |     1 |       ||     2
         Long sword        |    12 |       |       ||    12
         Rapier            |     6 |       |       ||     6
         Quarterstaff      |       |    26 |    51 ||    77
   Cast: Freeze            |    19 |    17 |    22 ||    58
         Frozen Ramparts   |       |     8 |     6 ||    14
         Ozocubu's Armour  |       |       |    10 ||    10
    Use: Potion            |       |     2 |     5 ||     7
   Stab: Sleeping          |    12 |     7 |     1 ||    20
 Armour: Skin              |    21 |    25 |    52 ||    98
  Dodge: Dodged            |    51 |    66 |   142 ||   259

Table legend: (Time is in decaauts)
 A = Elapsed time spent in this place.
 B = Non-inter-level travel time spent in this place.
 C = Inter-level travel time spent in this place.
 D = Time resting spent in this place.
 E = Time spent auto-exploring this place.
 F = Levels seen in this place.
 G = Mean time per level.
                   A        B        C        D        E       F      G
               +--------+--------+--------+--------+--------+-----+--------+
         Total |   4695 |   4561 |    134 |    221 |   3516 |   6 |  782.5 |
       Dungeon |   4695 |   4561 |    134 |    221 |   3516 |   6 |  782.5 |
               +--------+--------+--------+--------+--------+-----+--------+

Top non-repeatable levels by time:
     D:5: 1227 daAuts
     D:4: 987 daAuts
     D:1: 946 daAuts
     D:3: 699 daAuts
     D:2: 585 daAuts
     D:6: 249 daAuts
